Map: Moondance

Players

FoxeR

  • Race: Terran Terran
  • Spawn Location: 12:00

DnS - Winner!

  • Race: Protoss Protoss
  • Spawn Location: 6:00

Event: DreamHack SC2 Masters 2022 Atlanta (Offline)

VOD

Have the link to the VOD?

Description

Time

  • Played on: Nov. 18, 2022, 10:23 a.m.
  • Length: 8:42

All games in this series

Show
View Real Time Build Order
Export as new Build Order

FoxeR Terran 

Build Orders:  

Get SALT Encoding   

  12  0:00  SCV  
  13  0:12  SCV  
  14  0:17  Supply Depot  
  14  0:24  SCV  
  15  0:38  SCV  
  15  0:39  Barracks  
  16  0:43  Refinery  
  16  0:50  SCV  
  17  1:02  SCV  
  18  1:14  SCV  
  19  1:26  Marine  
  19  1:27  Orbital Command  
  20  1:42  Command Center  
  20  1:54  Factory  
  20  1:59  SCV  
  21  2:03  Barracks Reactor  
  21  2:11  Supply Depot  
  21  2:12  SCV  
  22  2:24  SCV  
  23  2:36  SCV  
  24  2:39  Refinery  
  24  2:40  Starport  
  24  2:42  Marine x2  
  24  2:43  Hellion  
  28  2:48  SCV  
  29  2:57  Orbital Command  
  29  2:59  Marine  
  29  3:00  Marine  
  30  3:06  Hellion  
  30  3:07  SCV  
  33  3:16  Supply Depot  
  33  3:18  Medivac  
  33  3:19  Marine  
  36  3:20  SCV  
  36  3:23  SCV  
  38  3:31  Hellion  
  38  3:32  Marine  
  38  3:34  SCV  
  40  3:37  SCV  
  40  3:43  Marine  
  40  3:46  SCV  
  40  3:49  SCV  
  40  3:55  Factory Tech Lab  
  41  3:58  SCV  
  41  4:00  Marine  
  41  4:01  Marine  
  44  4:03  SCV  
  43  4:10  SCV  
  43  4:12  Command Center  
  43  4:16  SCV  
  43  4:22  SCV  
  45  4:25  Cyclone  
  45  4:29  SCV  
  47  4:32  Marine  
  47  4:33  Marine  
  47  4:38  SCV  
  50  4:40  Supply Depot  
  50  4:41  SCV  
  49  4:50  SCV, Marine x2  
  49  4:52  Bunker  
  52  4:54  SCV  
  53  5:01  Cyclone  
  53  5:02  SCV  
  53  5:03  Supply Depot  
  53  5:06  Barracks  
  57  5:10  SCV  
  57  5:11  Barracks  
  57  5:12  Marine x2  
  58  5:14  SCV  
  58  5:19  Starport Reactor  
  58  5:20  Starport Tech Lab  
  59  5:22  SCV  
  59  5:24  Engineering Bay  
  59  5:26  SCV  
  47  5:28  Orbital Command  
  60  5:29  Marine  
  60  5:34  SCV  
  62  5:38  SCV  
  63  5:43  Marine  
  63  5:47  SCV  
  63  5:49  Refinery  
  65  5:50  Barracks, Terran Infantry Weapons Level 1  
  65  5:51  SCV, Barracks  
  65  5:53  Starport Reactor, Factory Reactor  
  65  5:56  SCV  
  67  5:58  Missile Turret  
  67  5:59  SCV  
  67  6:03  SCV  
  67  6:05  Refinery, Factory Tech Lab, Marauder  
  67  6:08  SCV, Combat Shield  
  72  6:11  Stimpack  
  72  6:13  SCV  
  72  6:15  SCV  
  72  6:19  Marine x2  
  72  6:21  SCV  
  72  6:23  Supply Depot  
  72  6:24  Marauder  
  75  6:25  SCV  
  75  6:27  SCV  
  75  6:28  Siege Tank  
  80  6:33  Supply Depot, SCV  
  80  6:37  SCV  
  80  6:38  Barracks Tech Lab  
  80  6:39  Barracks Reactor, SCV, Medivac  
  85  6:43  Supply Depot  
  85  6:44  Medivac  
  85  6:45  SCV  
  90  6:47  Refinery, Marauder  
  90  6:49  Marauder  
  90  6:50  SCV  
  93  6:54  Marine  
  93  6:55  Supply Depot, SCV  
  93  6:57  SCV  
  93  6:59  Marine  
  97  7:02  Ghost Academy, SCV  
  97  7:06  Supply Depot x2  
  100  7:08  Marauder  
  100  7:10  Medivac  
  100  7:14  Medivac, Marauder, Marine x2  
  108  7:17  Siege Tank  
  108  7:18  SCV  
  108  7:21  Supply Depot  
  112  7:25  Supply Depot  
  112  7:30  Supply Depot  
  112  7:31  Marine x2  
  112  7:32  Marine  
  112  7:33  Concussive Shells  
  117  7:40  Ghost x2  
  117  7:43  Ghost  
  117  7:44  Marine  
  122  7:49  Marine  
  123  7:52  Siege Tank  
  123  7:53  Marine x2  
  128  8:02  Missile Turret  
  128  8:06  Marine  
  128  8:07  Marine  
  128  8:09  Ghost  
  128  8:12  Armory  
  132  8:15  Command Center  
  132  8:17  SCV x2  
  132  8:19  Supply Depot  
  131  8:20  Engineering Bay, SCV  
  122  8:29  SCV  
Show
View Real Time Build Order
Export as new Build Order

DnS Protoss - Winner!

Build Orders: 1 Gate Expand, Oracle Opening, Phoenix Opening, Zealot Archon 

Get SALT Encoding   

  12  0:00  Probe  
  13  0:12  Probe  
  14  0:17  Pylon  
  14  0:24  Probe (Chrono Boost)  
  15  0:36  Probe (Chrono Boost), Gateway  
  16  0:44  Probe (Chrono Boost)  
  16  0:45  Assimilator  
  17  0:51  Probe  
  18  1:03  Probe  
  19  1:15  Probe  
  20  1:22  Nexus  
  20  1:32  Cybernetics Core  
  20  1:34  Probe  
  21  1:40  Assimilator  
  21  1:46  Probe  
  22  1:50  Pylon  
  22  1:59  Probe  
  23  2:06  Adept (Chrono Boost)  
  23  2:11  Probe  
  26  2:18  Stargate  
  26  2:23  Probe (Chrono Boost)  
  26  2:26  Warp Gate  
  26  2:29  Adept (Chrono Boost)  
  27  2:34  Probe (Chrono Boost)  
  31  2:41  Probe (Chrono Boost)  
  31  2:43  Probe (Chrono Boost)  
  32  2:47  Probe (Chrono Boost)  
  32  2:48  Probe (Chrono Boost)  
  34  2:51  Adept  
  36  2:59  Probe  
  36  3:00  Probe  
  38  3:11  Probe  
  38  3:12  Oracle (Chrono Boost), Probe  
  43  3:21  Pylon  
  43  3:23  Probe  
  43  3:24  Probe  
  45  3:35  Probe  
  45  3:39  Probe  
  45  3:40  Gateway  
  47  3:42  Pylon  
  47  3:47  Probe  
  47  3:48  Shield Battery  
  44  3:51  Shield Battery, Probe  
  48  3:58  Phoenix (Chrono Boost)  
  48  4:00  Probe  
  48  4:03  Probe  
  48  4:05  Nexus  
  49  4:12  Probe  
  49  4:13  Gateway  
  49  4:15  Pylon  
  50  4:17  Probe  
  50  4:22  Phoenix (Chrono Boost)  
  53  4:26  Probe  
  53  4:29  Probe  
  55  4:37  Pylon  
  55  4:38  Probe  
  55  4:40  Assimilator x2  
  55  4:41  Probe  
  57  4:47  Stalker x2  
  57  4:50  Phoenix, Probe  
  64  4:53  Probe  
  64  4:56  Pylon  
  65  5:06  Twilight Council, Probe x2, Pylon  
  65  5:07  Forge  
  67  5:18  Probe x2  
  67  5:19  Probe  
  70  5:21  Phoenix  
  70  5:23  Protoss Ground Armor Level 1 (Chrono Boost)  
  70  5:27  Charge (Chrono Boost)  
  72  5:30  Probe  
  72  5:31  Probe x2, Gateway  
  72  5:33  Gateway  
  75  5:43  Probe x2  
  75  5:44  Probe  
  75  5:49  Gateway  
  78  5:53  Gateway  
  78  5:57  Gateway  
  78  5:58  Gateway  
  78  5:59  Sentry  
  80  6:05  Templar Archives  
  80  6:10  Gateway  
  79  6:13  Gateway  
  79  6:21  Pylon  
  79  6:25  Robotics Facility  
  79  6:27  Zealot x4  
  79  6:31  Pylon  
  87  6:35  Nexus  
  87  6:36  Probe x3  
  90  6:40  Phoenix  
  90  6:44  Zealot  
  94  6:48  Pylon  
  94  6:49  Zealot x2  
  94  6:53  High Templar  
  94  6:54  High Templar  
  102  6:58  Zealot, Probe x3  
  102  6:59  Archon  
  107  7:02  High Templar x2  
  107  7:08  Archon  
  111  7:10  Probe x3  
  111  7:11  Shield Battery  
  111  7:12  Warp Prism, Pylon  
  116  7:28  Zealot x5  
  126  7:34  Pylon  
  126  7:35  Pylon  
  126  7:42  Zealot x3, High Templar x2  
  136  7:44  Probe x3  
  136  7:46  Archon  
  139  8:04  Zealot x2  
  139  8:05  Zealot x6  
  151  8:25  Zealot x5  
  151  8:26  Zealot x5  
Tags
 
Add a new tag
Caveats
  • Supply blocks, unpowered buildings, or Contaminate may cause inaccurate times.
  • Supply counts are checked every 10 seconds.